 Dungeon Crawl Stone Soup version 0.19.0-22-gd96e5fe (webtiles) character file.

11052 Jerry the Grappler (level 11, -9/100 HPs)
             Began as a Troll Monk on Nov 19, 2016.
             Mangled by a spriggan rider
             ... wielding a +0 spear
              (26 damage)
             ... on level 6 of the Lair of Beasts.
             The game lasted 00:28:56 (8415 turns).

Jerry the Grappler (Troll Monk)                     Turns: 8415, Time: 00:28:56

Health: -9/100     AC:  8    Str: 21    XL:     11   Next: 44%
Magic:  8/10       EV: 17    Int:  6    God:
Gold:   540        SH:  0    Dex: 15    Spells: 0 memorised, 10 levels left

rFire  . . .     SeeInvis .       - Unarmed
rCold  . . .     Gourm    +     a - +1 robe
rNeg   . . .     Faith    .     (no shield)
rPois  .         Spirit   .     (helmet restricted)
rElec  .         Reflect  .     (no cloak)
rCorr  .         Harm     .     (gloves unavailable)
MR     +....                    (boots unavailable)
Stlth  ++........               (no amulet)
                                (no ring)
                                G - ring of protection from magic

@: no status effects
A: unfitting armour, claws 3, horns 1, repulsion field 1, thin metallic scales
1, blurry vision 1, fast metabolism 3, gourmand, regeneration 1, shaggy fur 1,
tough skin 2
a: no special abilities


You were on level 6 of the Lair of Beasts.
You were completely stuffed.

You visited 3 branches of the dungeon, and saw 15 of its levels.

You collected 540 gold pieces.

Inventory:

Missiles
 p - 9 javelins (quivered)
Armour
 a - a +1 robe (worn)
Jewellery
 G - a ring of protection from magic (left claw)
 J - a cursed amulet of inaccuracy {unknown}
Wands
 d - a wand of lightning (10/15)
 i - a wand of iceblast (14/15)
 x - a wand of disintegration (8/24)
 B - a wand of lightning (1/15)
 C - a wand of iceblast (0/15)
 F - a wand of lightning (5/15)
 L - a wand of lightning (8/15)
Scrolls
 f - a scroll of magic mapping
 k - 2 scrolls of amnesia {unknown}
 r - 2 scrolls of remove curse
 s - 3 scrolls of identify
 w - a scroll of summoning {unknown}
 y - a scroll of immolation
 D - a scroll of fog {unknown}
 K - a scroll of torment {unknown}
Potions
 c - 2 potions of flight
 m - 6 potions of curing
 o - a potion of lignification {unknown}
 q - a potion of agility {unknown}
 t - a potion of resistance {unknown}
 u - 2 potions of invisibility {unknown}
 v - 2 potions of brilliance {unknown}
 A - 2 potions of degeneration {unknown}
Comestibles
 b - 8 bread rations
 g - 3 beef jerkies
 j - 5 meat rations
 l - 8 slices of pizza
 z - 2 royal jellies
 I - 7 fruits


   Skills:
 - Level 4.1 Fighting
 + Level 8.9 Dodging
 - Level 1.0 Stealth
 * Level 14.3 Unarmed Combat


You had 10 spell levels left.
You didn't know any spells.

Dungeon Overview and Level Annotations

Branches:
Dungeon (8/15)             Temple (1/1) D:5            Lair (5/6) D:8
 Shoals (0/4) Lair:4
  Snake: Lair:2-4    Spider: Lair:2-4     Slime: Lair:5-6

Altars:
Ashenzari
Cheibriados
Dithmenos
Elyvilon
Fedhas
Gozag
Hepliaklqana
Kikubaaqudgha
Makhleb
Nemelex Xobeh
Okawaru
Qazlal
Trog
Uskayaw
Vehumet
Xom
Yredelemnul
Zin
The Shining One


Innate Abilities, Weirdness & Mutations

You are too large for most types of armour.
You have claws for hands.
Your metabolism is lightning-fast.
You like to eat raw meat.
Your natural rate of healing is unusually fast.
You are covered in fur. (AC +1)
You have very tough skin. (AC +2)
You have a pair of small horns on your head.
You are surrounded by a mild repulsion field. (EV +2)
You are partially covered in thin metallic scales. (AC +2)
Scrolls take you a little longer to read.


Message History

It was a potion of cure mutation.
It has a very clean taste.
You feel robust.
Your talons dull and shrink into feet.
You feel more energetic.
You feel less resistant to hostile enchantments.
The wolf bites you.
The wolf moves out of view.
The spriggan hits you with a short sword.
* * * LOW HITPOINT WARNING * * *
The spriggan barely misses you. The wolf closely misses you.
The wolf barely misses you.
The spriggan rider completely misses you.
Okay, then.
Really read with blurry vision while enemies are nearby?
The wolf bites you but does no damage. The spriggan barely misses you.
The wolf closely misses you. The spriggan hits you with a dagger!
* * * LOW HITPOINT WARNING * * *
The wolf howls!
You hear a howl!
You begin reading the scroll.
You continue reading the scroll.
The wolf closely misses you.
The spriggan rider hits you from afar with a spear!!
You die...

♣....
♣...h
♣....♣
h♣
♣....♣♣
h.
...hi♣
h♣ ♣.hh♣
.h♣
♣hhi♣♣h♣
♣i@h♣
♣.h♣♣
♣♣i♣♣
♣i.♣
♣..♣
♣♣..♣
♣♣..♣
...♣
♣...♣


You could see 2 spriggan riders, a polar bear, 2 black bears, 3 spriggans and 7
wolves.

Vanquished Creatures
  A hydra (Lair:2)
  Psyche (D:8)
  2 spiny frogs
  A komodo dragon (Lair:3)
  2 rime drakes (Lair:4)
  A hornet (Lair:6)
  3 blink frogs (Lair:3)
  2 hippogriffs
  18 yaks
  A human (D:7)
  4 hogs (D:7)
  A hungry ghost (D:7)
  4 water moccasins
  4 porcupines
  A hornet zombie (D:5)
  2 orc warriors (D:8)
  2 sky beasts (D:5)
  3 black bears
  A necrophage (D:6)
  3 ogres
  A phantom (D:8)
  A wolf (Lair:4)
  A centaur (D:8)
  A crocodile (Lair:2)
  8 bullfrogs
  4 scorpions
  6 killer bees (D:7)
  A wight (D:6)
  A howler monkey (D:4)
  2 crimson imps
  A bullfrog zombie (D:5)
  2 jellies
  4 hounds
  2 orc priests
  4 orc wizards (D:8)
  A centaur skeleton (D:4)
  6 worker ants
  A statue (D:8)
  A hound skeleton (D:4)
  2 howler monkey zombies
  5 adders
  An ooze (D:3)
  3 adder skeletons
  2 worms
  A dart slug (D:1)
  5 leopard geckos
  34 orcs
  3 ball pythons
  4 bats
  8 giant cockroaches
  8 goblins
  7 hobgoblins
  12 jackals
  6 kobolds
  4 quokkas
  A ball python zombie (D:5)
  5 frilled lizards
  A jackal skeleton (D:4)
  A jackal zombie (D:7)
  A leopard gecko zombie (D:7)
  A quokka skeleton (D:4)
  8 rats
228 creatures vanquished.

Vanquished Creatures (others)
  A fungus (Lair:2)
1 creature vanquished.

Grand Total: 229 creatures vanquished

Notes
Turn   | Place    | Note
-------+----------+-------------------------------------------
     0 | D:1      | Jerry the Troll Monk began the quest for the Orb.
     0 | D:1      | Reached XP level 1. HP: 22/22 MP: 0/0
    62 | D:1      | Reached XP level 2. HP: 29/29 MP: 1/1
   431 | D:1      | Reached XP level 3. HP: 36/36 MP: 2/2
  1043 | D:2      | Found a shattered altar of Ashenzari.
  1047 | D:2      | Saw a vision of the Shoals and the Spider Nest.
  1047 | D:2      | Noticed a sea snake
  1047 | D:2      | Noticed a redback
  1047 | D:2      | Noticed a siren
  1047 | D:2      | Noticed a merfolk
  1047 | D:2      | Noticed a sea snake
  1047 | D:2      | Noticed a redback
  1050 | D:2      | Noticed a redback
  1410 | D:2      | Reached skill level 4 in Unarmed Combat
  1650 | D:3      | Found a bloodstained altar of Trog.
  1880 | D:3      | Reached XP level 4. HP: 44/44 MP: 3/3
  2203 | D:3      | Reached XP level 5. HP: 26/53 MP: 4/4
  2529 | D:4      | Found a shadowy altar of Dithmenos.
  2600 | D:4      | Reached skill level 5 in Unarmed Combat
  2714 | D:4      | Reached XP level 6. HP: 52/61 MP: 5/5
  2851 | D:4      | Found a basalt altar of Yredelemnul.
  2867 | D:4      | Reached skill level 6 in Unarmed Combat
  2918 | D:4      | Reached XP level 7. HP: 70/70 MP: 6/6
  3313 | D:5      | Entered Level 5 of the Dungeon
  3585 | D:5      | Reached skill level 7 in Unarmed Combat
  3688 | D:5      | Reached XP level 8. HP: 60/78 MP: 7/7
  3847 | D:5      | Gained mutation: You evolve. [mutagenic meat]
  3848 | D:5      | Gained mutation: You have sharp toenails. [mutagenic meat]
  3849 | D:5      | Gained mutation: You are surrounded by a mild repulsion field. (EV +2) [mutagenic meat]
  3850 | D:5      | Lost mutation: You evolve. [mutagenic meat]
  3851 | D:5      | Gained mutation: Your magical capacity is low. (-10% MP) [mutagenic meat]
  3852 | D:5      | Gained mutation: You evolve. [mutagenic meat]
  3860 | D:5      | Lost mutation: You evolve. [end of evolution]
  3916 | D:5      | Gained mutation: You are partially covered in thin metallic scales. (AC +2) [mutagenic meat]
  3917 | D:5      | Gained mutation: You are resistant to hostile enchantments. (MR+) [mutagenic meat]
  3919 | D:5      | Gained mutation: You are frail. (-10% HP) [mutagenic meat]
  3920 | D:5      | Gained mutation: Scrolls take you a little longer to read. [mutagenic meat]
  4016 | D:5      | Reached skill level 8 in Unarmed Combat
  4019 | D:5      | Reached skill level 5 in Dodging
  4082 | D:5      | Found a staircase to the Ecumenical Temple.
  4087 | Temple   | Entered the Ecumenical Temple
  4958 | D:6      | Reached skill level 9 in Unarmed Combat
  5362 | D:7      | Noticed a hippogriff
  5374 | D:7      | Killed a hippogriff
  5374 | D:7      | Reached XP level 9. HP: 49/75 MP: 7/7
  5543 | D:7      | Reached skill level 10 in Unarmed Combat
  5918 | D:7      | Reached skill level 11 in Unarmed Combat
  6014 | D:7      | Found a burning altar of Makhleb.
  6032 | D:7      | Found a bloodstained altar of Trog.
  6187 | D:7      | Got a polished mace
  6188 | D:7      | Identified the cursed +1 mace "Piajufo" {flame, rElec rC- MP+9 Dex-5} (You found it on level 7 of the Dungeon)
  6435 | D:8      | Noticed Psyche
  6442 | D:8      | Killed Psyche
  6492 | D:8      | Found a radiant altar of Vehumet.
  6499 | D:8      | Reached XP level 10. HP: 71/82 MP: 8/8
  7043 | D:8      | Found a white marble altar of Elyvilon.
  7043 | D:8      | Found a stormy altar of Qazlal.
  7089 | D:8      | Found a stormy altar of Qazlal.
  7197 | D:8      | Found a staircase to the Lair.
  7203 | Lair:1   | Entered Level 1 of the Lair of Beasts
  7212 | Lair:1   | Reached skill level 12 in Unarmed Combat
  7267 | Lair:2   | Noticed a five-headed hydra
  7363 | Lair:2   | Killed a five-headed hydra
  7591 | Lair:2   | Reached skill level 13 in Unarmed Combat
  7693 | Lair:2   | Reached XP level 11. HP: 68/90 MP: 8/8
  8213 | Lair:4   | Reached skill level 14 in Unarmed Combat
  8242 | Lair:4   | Found a staircase to the Shoals.
  8250 | Lair:4   | Noticed a seven-headed hydra
  8395 | Lair:5   | You fall through a shaft!
  8395 | Lair:6   | Entered Level 6 of the Lair of Beasts
  8395 | Lair:6   | Noticed a spriggan rider
  8407 | Lair:6   | Noticed a spriggan rider
  8411 | Lair:6   | Gained mutation: You have a pair of small horns on your head. [potion of beneficial mutation]
  8413 | Lair:6   | Lost mutation: You are frail. (-10% HP) [potion of cure mutation]
  8413 | Lair:6   | Lost mutation: You have sharp toenails. [potion of cure mutation]
  8413 | Lair:6   | Lost mutation: Your magical capacity is low. (-10% MP) [potion of cure mutation]
  8413 | Lair:6   | Lost mutation: You are resistant to hostile enchantments. (MR+) [potion of cure mutation]
  8415 | Lair:6   | Mangled by a spriggan rider

Skill      XL: |  1  2  3  4  5  6  7  8  9 10 11 |
---------------+----------------------------------+-----
Unarmed Combat | 4 5 6 7 9 11 13 14 | 14.3
Fighting       | 3 4 |  4.1
Dodging        | 3 4 5 7 8 |  8.9
Stealth        | |  1.0

Action                   |  1- 3 |  4- 6 |  7- 9 | 10-12 || total
-------------------------+-------+-------+-------+-------++-------
Melee: Unarmed           |   106 |   113 |   278 |   224 ||   721
       Punch             |     1 |     3 |    18 |    10 ||    32
       Kick              |       |       |    69 |    85 ||   154
Evoke: Wand              |       |       |       |     6 ||     6
  Use: Scroll            |       |       |    14 |     1 ||    15
       Potion            |       |       |     3 |     7 ||    10
 Stab: Sleeping          |     2 |     1 |     6 |     2 ||    11
       Distracted        |       |     1 |       |       ||     1
       Fleeing           |       |       |       |     1 ||     1
  Eat: Chunk             |    23 |     9 |    44 |    24 ||   100
       Beef jerky        |       |       |     1 |       ||     1
Armor: Robe              |    36 |    25 |    78 |    36 ||   175
Dodge: Dodged            |    53 |    50 |   170 |   152 ||   425
